 Dungeon Crawl Stone Soup version 0.29.1-1-gd02db6906a (webtiles) character file.

Game seed: 11592906554617244801

149 ImASeal the Trooper (level 5, 0/51 HPs)
             Began as a Minotaur Hunter on Oct 18, 2022.
             Slain by an orc priest
             ... wielding a +0 club
              (5 damage)
             ... on level 3 of the Dungeon.
             The game lasted 00:02:51 (1854 turns).

ImASeal the Trooper (Minotaur Hunter)               Turns: 1854, Time: 00:02:54

Health: 0/51       AC:  3    Str: 15    XL:     5   Next: 9%
Magic:  4/4        EV: 12    Int:  6    God:
Gold:   77         SH:  0    Dex: 16    Spells: 4/4 levels left

rFire   . . .      SeeInvis .   a - +0 shortbow
rCold   . . .      Faith    .   (shield currently unavailable)
rNeg    . . .      Spirit   .   c - +0 leather armour
rPois   .          Reflect  .   (helmet restricted)
rElec   .          Harm     .   (no cloak)
rCorr   .          Rampage  .   (no gloves)
Will    .....                   (no boots)
Stlth   +.........              (no amulet)
HPRegen 0.17/turn               h - ring of flight
MPRegen 0.09/turn               (no ring)

@: flying
A: horns 2, retaliatory headbutt
a: no special abilities


You were on level 3 of the Dungeon.
You visited 1 branch of the dungeon, and saw 3 of its levels.

You collected 77 gold pieces.

Inventory:

Hand Weapons
 a - a +0 shortbow (weapon)
Armour
 c - a +0 leather armour (worn)
Jewellery
 h - a ring of flight (left hand)
 i - a ring of fire
Scrolls
 b - a scroll of immolation
 d - a scroll of torment {unknown}
 e - a scroll of enchant armour {unknown}
 f - a scroll of identify {unknown}
 g - a scroll of noise {unknown}
 l - 2 scrolls of enchant weapon {unknown}
 m - a scroll of summoning {unknown}
Potions
 j - a potion of lignification {unknown}
 k - a potion of ambrosia


   Skills:
 + Level 6.4 Fighting
 - Level 4.3 Ranged Weapons
 - Level 2.1 Dodging
 - Level 0.7 Stealth


You had 4 spell levels left.
You didn't know any spells.
Your spell library contained the following spells:

 Spells                   Type           Power      Damage    Failure   Level
 Sting                    Tmut/Pois      0%         1d3       52%         1
 Dazzling Flash           Conj/Hex       0%         N/A       88%         3
 Iskenderun's Mystic Bla  Conj/Tloc      0%         2d3       99%         4
 Starburst                Conj/Fire      0%         6d3       100%        6


Dungeon Overview and Level Annotations

Branches:
Dungeon (3/15)

Altars:
Elyvilon
Sif Muna
Trog


Innate Abilities, Weirdness & Mutations

You have a pair of horns on your head.
You reflexively headbutt those who attack you in melee.


Message History

[Y]es or [N]o only, please.
Really attack while wielding your +0 shortbow?
You clumsily bash the orc but do no damage.
You headbutt the orc.
The orc is almost dead.
The orc hits you with a +0 club.
The orc priest calls down the wrath of Beogh upon you.
Beogh smites you!
* * * LOW HITPOINT WARNING * * *
It was a potion of ambrosia.
You are confused.
You feel invigorated. The orc misses you.
You barely miss the orc.
The orc is almost dead.
The orc hits you with a +0 club.
* * * LOW HITPOINT WARNING * * *
The orc priest miscasts a cantrip.
The orc hits you with a +0 club.
* * * LOW HITPOINT WARNING * * *
The orc priest calls upon Beogh to heal the orc.
The orc's wounds heal themselves!
You clumsily bash the orc but do no damage.
The orc hits you with a +0 club.
* * * LOW HITPOINT WARNING * * *
You miss the orc. Your headbutt misses the orc.
You feel less invigorated.
You feel less confused. The orc misses you. You furiously retaliate!
You headbutt the orc.
The orc priest looks braver for a moment.
The orc hits you with a +0 club.
* * * LOW HITPOINT WARNING * * *
You clumsily bash the orc but do no damage.
You headbutt the orc.
You kill the orc!
You barely miss the orc priest.
The orc priest is almost dead.
The orc priest calls down the wrath of Beogh upon you.
Beogh smites you!
* * * LOW HITPOINT WARNING * * *
The orc priest hits you with a +0 club.
You die...

#.. ..# ...
#.# #)# #<#
#.### #)..###
#o#...#
#@#...##
####...##
#####...##
#._.##...##
#.).###...##
###
##...#∩#...##
...
##...###...#
###
##...##._.#
##...######


You could see an orc priest.

Vanquished Creatures
  An iguana (D:3)
  Terence (D:3)
  3 adders
  A white imp (D:3)
  A worm (D:3)
  2 dart slugs
  3 orcs (D:3)
  4 ball pythons
  4 bats
  3 endoplasms
  3 giant cockroaches
  6 goblins
  6 hobgoblins
  4 quokkas
  A frilled lizard (D:1)
  5 kobolds
  5 rats
53 creatures vanquished.

Notes
Turn   | Place    | Note
-------+----------+-------------------------------------------
     0 | D:1      | ImASeal the Minotaur Hunter began the quest for the Orb.
     0 | D:1      | Reached XP level 1. HP: 18/18 MP: 0/0
   117 | D:1      | Reached skill level 3 in Fighting
   119 | D:1      | Reached XP level 2. HP: 26/26 MP: 1/1
   260 | D:1      | Reached skill level 4 in Fighting
   573 | D:1      | Reached XP level 3. HP: 33/33 MP: 2/2
  1201 | D:2      | Reached skill level 5 in Fighting
  1548 | D:3      | Reached XP level 4. HP: 34/42 MP: 3/3
  1671 | D:3      | Found a white marble altar of Elyvilon.
  1776 | D:3      | Noticed Terence
  1783 | D:3      | Killed Terence
  1784 | D:3      | Reached skill level 6 in Fighting
  1802 | D:3      | Found a bloodstained altar of Trog.
  1814 | D:3      | Found a shimmering blue altar of Sif Muna.
  1817 | D:3      | Reached XP level 5. HP: 51/51 MP: 4/4
  1820 | D:3      | Got Sif Muna's Secrets of Venin
  1848 | D:3      | HP: 1/51 [orc priest/divine providence (15)]
  1854 | D:3      | Slain by an orc priest

Illustrated notes

Levels and vault maps discovered:
D:1:      minmay_arrival_four_houses, layout_basic, minmay_indecisive_spiral
D:2:      layout_loops_corners
D:3:      layout_loops_ring, nzn_overflow_gifts_of_might_and_magic,
          elyvilon_altar_1, uniq_terence

Skill      XL: |  1  2  3  4 |
---------------+-------------+-----
Fighting       | 3 4 5 6 |  6.4
Ranged Weapons | |  4.3
Dodging        | |  2.1
Stealth        | |  0.7

Action                   |  1- 3 |  4- 6 || total
-------------------------+-------+-------++-------
Melee: Shortbow          |       |     6 ||     6
       Headbutt          |       |     2 ||     2
 Fire: Shortbow          |    78 |    40 ||   118
  Use: Potion            |       |     1 ||     1
Armor: Leather armour    |     3 |     8 ||    11
Dodge: Dodged            |    26 |    16 ||    42
